[Event "GER-ch Blitz 2019"]
[Site "Magdeburg"]
[Date "2019.05.25"]
[Round "23.6"]
[White "Zuyev, Igor"]
[Black "Heistermann, Till"]
[Result "1-0"]
[ECO "B00"]
[WhiteElo "2447"]
[BlackElo "2181"]
[Annotator "NA"]
[PlyCount "49"]
[EventDate "2019.05.25"]
[EventType "tourn"]
[EventCountry "GER"]
[Tiebreak "Number of wins+Number of black wins"]
[SourceTitle "playchess.com"]
[Source "ChessBase"]
[SourceQuality "1"]
[TimeControl "180+2"]

1. e4 d6 2. d4 e5 3. dxe5 dxe5 4. Qxd8+ Kxd8 5. Nc3 c6 6. f4 Nd7 7. Bc4 f6 8. Be3 Bd6 9. f5 Bc5 10. Bxc5 Nxc5 11. b4 Nd7 12.
O-O-O Kc7 13. a4 a5 14. b5 Ne7 15. Nf3 Nc5 16. g4 h6 17. h4 Bd7 18. Be2 Nc8 19. Nd2 Nb6 20. Nc4 Nxc4 21. Bxc4 Rad8 22. Rd2 Bc8 23. Rhd1 Rxd2 24. Rxd2 Rd8 25. b6+ 1-0

[Event "GER-ch Blitz 2019"]
[Site "Magdeburg"]
[Date "2019.05.25"]
[Round "23.7"]
[White "Braeuning, Rudolf Wilhelm"]
[Black "Stein, Robert"]
[Result "0-1"]
[ECO "C51"]
[WhiteElo "2285"]
[BlackElo "2318"]
[Annotator "NA"]
[PlyCount "130"]
[EventDate "2019.05.25"]
[EventType "tourn"]
[EventCountry "GER"]
[Tiebreak "Number of wins+Number of black wins"]
[SourceTitle "playchess.com"]
[Source "ChessBase"]
[SourceQuality "1"]
[TimeControl "180+2"]

1. e4 e5 2. Nf3 Nc6 3. Bc4 Bc5 4. b4 Bxb4 5. c3 Be7 6. d4 Na5 7. Be2 d6 8. dxe5 dxe5 9. Qxd8+ Bxd8 10. Nxe5 Nf6 11. f3 Nd7 12. Bf4 Nxe5 13. Bxe5 O-O 14. Nd2 Re8 15. Bg3 Be6 16. O-O c6 17. Rfb1 Bf6 18. e5 Be7 19. Ne4 Red8 20. Nd6 Rd7 21. Rd1 Rad8 22. Rd4 b6 23. Rad1 Bxa2 24. c4 c5 25. Re4 Bb3 26. Rc1 Nb7 27. Nf5 Bf8 28. Ne3 Na5
29. Nd5 Nc6 30. Re1 Nd4 31. Bf2 Nxe2+ 32. R1xe2 Ba4 33. Nf4 Bc6 34. R4e3 Rd1+ 35. Re1 Rxe1+ 36. Rxe1 Be7 37. e6 f6 38. Bg3 g5 39. Nh5 Be8 40. Nf4 gxf4 41. Bxf4 Bc6 42. Bc7 Rc8 43. Bf4 a6 44. Ra1 a5 45. Rb1 Bd8 46.
Bd6 Bc7 47. Bxc7 Rxc7 48. Rxb6 a4 49. Ra6 Kf8 50.
Kf2 Ke7 51. Ke3 Kxe6 52. Kf4
Kd6 53. Kf5 Rg7 54. g4 Rg8 55. f4 Rf8 56. h4 Kc7 57. Ke6 Kb7 58. Ra5 Kb6 59. Ke7 Kxa5 60. Kxf8 a3 61. g5 fxg5 62. fxg5 a2 63. Kg7 a1=Q+ 64. Kxh7 Be4+ 65. g6 Qh1 0-1

[Event "GER-ch Blitz 2019"]
[Site "Magdeburg"]
[Date "2019.05.25"]
[Round "23.8"]
[White "Schmaltz, Roland"]
[Black "Voege, Tobias"]
[Result "1-0"]
[ECO "B32"]
[WhiteElo "2461"]
[BlackElo "2294"]
[Annotator "ChessBase"]
[PlyCount "71"]
[EventDate "2019.05.25"]
[EventType "tourn"]
[EventCountry "GER"]
[Tiebreak "Number of wins+Number of black wins"]
[SourceTitle "playchess.com"]
[Source "ChessBase"]
[SourceQuality "1"]
[TimeControl "180+2"]

1. e4 c5 2. Nf3 Nc6 3. d4 cxd4 4. Nxd4 g6 5. Be2 Bg7 6. Nb3 Nf6 7. Nc3 O-O 8.
O-O a5 9. a4 d6 10. Re1 Be6 11. Bf1 Nd7 12. Nd5 Nc5 13. Nxc5 dxc5 14. c3 Rc8 15. Bg5 Re8 16. Qb3 b6 17. Rad1 Rb8 18. Bb5 Qc8 19. Qc2 Qb7 20. Bxc6 Qxc6 21. Nxe7+ Rxe7 22. Bxe7 b5 23. axb5 Qxb5 24. Rd8+ Rxd8 25. Bxd8 h5 26. Bg5 a4 27. Qd2 Kh7 28. h3 Qb3 29. e5 a3 30. bxa3 Qxa3 31. Bf6 Qa6 32. Rd1 Bf5 33. Bxg7 Kxg7 34. Qd6 Qa7 35. Qf6+ Kh7 36. Rd8 1-0

[Event "GER-ch Blitz 2019"]
[Site "Magdeburg"]
[Date "2019.05.25"]
[Round "23.9"]
[White "Feuerstack, Aljoscha"]
[Black "Kopylov, Daniel"]
[Result "0-1"]
[ECO "B22"]
[WhiteElo "2441"]
[BlackElo "2263"]
[Annotator "NA"]
[PlyCount "79"]
[EventDate "2019.05.25"]
[EventType "tourn"]
[EventCountry "GER"]
[Tiebreak "Number of wins+Number of black wins"]
[SourceTitle "playchess.com"]
[Source "ChessBase"]
[SourceQuality "1"]
[TimeControl "180+2"]

1. e4 c5 2. c3 d5 3. exd5 Qxd5 4. d4 e6 5. Nf3 Nf6 6. Na3 cxd4 7. Nb5 Qd8 8. Qxd4 Nc6 9. Qxd8+ Kxd8 10. Ng5 Ke7 11. Bf4 e5 12. Be3 Nd5 13. Bc5+ Ke8 14. Bxf8 Kxf8 15. O-O-O Be6 16. Bc4 Nf4 17. Bxe6 Nxe6 18. Nxe6+ fxe6 19. Rd7 Ne7 20. Rhd1 Kf7 21.
Nd6+ Kf6 22. Ne4+ Kf7 23. R1d6 h6 24. Nc5 Rac8 25. Rxe6 Rxc5 26. Rdxe7+ Kg8 27. Rxb7 e4 28. Rxe4 Rg5 29. g3 Kh7 30.
Rxa7 Rf8 31. f4 Rd5 32. Ree7 Rfd8 33. Rxg7+ Kh8 34. Rh7+ Kg8 35. Rxh6 Rd1+ 36. Kc2 R1d2+ 37. Kb3 Rb8+ 38. Kc4 Rc8+ 39. Kb3 Rb8+ 40. Kc4 0-1

[Event "GER-ch Blitz 2019"]
[Site "Magdeburg"]
[Date "2019.05.25"]
[Round "23.10"]
[White "Zelbel, Patrick"]
[Black "Wichmann, Cliff"]
[Result "1-0"]
[ECO "C06"]
[WhiteElo "2439"]
[BlackElo "2280"]
[Annotator "NA"]
[PlyCount "81"]
[EventDate "2019.05.25"]
[EventType "tourn"]
[EventCountry "GER"]
[Tiebreak "Number of wins+Number of black wins"]
[SourceTitle "playchess.com"]
[Source "ChessBase"]
[SourceQuality "1"]
[TimeControl "180+2"]

1. e4 e6 2. d4 d5 3. Nd2 Nf6 4. e5 Nfd7 5. Bd3 c5 6. c3 Nc6 7. Ne2 cxd4 8. cxd4 f6 9. exf6 Nxf6 10. Nf3 Bd6 11. O-O Qc7 12. h3 O-O 13. Be3 Bd7 14. Re1 Be8 15. Ng5 Qe7 16. Nf4 Bxf4 17. Bxf4 Ne4 18. Bxe4 Rxf4 19. Bxh7+ Kh8 20. Nxe6 Re4 21.
Bxe4 Qxe6 22. Bd3 Qh6 23. Qg4 Bh5 24. Qh4 Bf7 25. Qxh6+ gxh6 26. Rad1 Kg7 27. Bb5 Nd8 28. Re7 Kf6 29. Re5 a6 30. Bd7 b5 31.
Rd3 Ra7 32. Rf3+ Kg6 33. Be8 Bxe8 34. Rxe8 Rd7 35. Rff8 Nb7 36. Rg8+ Kf7 37. Rgf8+ Kg6 38. Re6+ Kg7 39. Rff6 h5 40. Rxa6 Nd8 41. Rfd6 1-0

[Event "GER-ch Blitz 2019"]
[Site "Magdeburg"]
[Date "2019.05.25"]
[Round "23.11"]
[White "Koch, Thomas"]
[Black "Schulze, Marc"]
[Result "1-0"]
[ECO "A55"]
[WhiteElo "2474"]
[BlackElo "2220"]
[Annotator "ChessBase"]
[PlyCount "111"]
[EventDate "2019.05.25"]
[EventType "tourn"]
[EventCountry "GER"]
[Tiebreak "Number of wins+Number of black wins"]
[SourceTitle "playchess.com"]
[Source "ChessBase"]
[SourceQuality "1"]
[TimeControl "180+2"]

1. d4 Nf6 2. c4 d6 3. Nc3 e5 4. Nf3 Nbd7 5. e4 Be7 6. Be2 O-O 7. O-O c6 8. Re1 a6 9. a3 Re8 10. Bf1 Qc7 11. Bg5 Nf8 12. h3 h6 13.
Be3 b6 14. Rc1 Bb7 15. b4 Ng6 16. d5 c5 17. g3 Bc8 18. Kh2 Bd7 19. Rb1 Nh7 20.
Bd3 Ng5 21. Ng1 Bf8 22. Qd2 Nh7 23. f4 exf4 24. gxf4 Ne7 25. Nf3 g6 26. Rg1 Bg7 27.
f5 g5 28. Nxg5 hxg5 29. Bxg5 Nxg5 30. Qxg5 Ng6 31. fxg6 f6 32. Qh5 Re5 33. Qh7+ Kf8 34. Rbf1 Qd8 35. Rf4 Qe7 36. Rgf1 Ke8 37. bxc5 bxc5 38. Rb1 Kd8 39. Qh4 f5 40. Qxe7+ Rxe7 41. exf5 Bxc3 42. f6 Re3 43. f7 Ke7 44. Re4+ Rxe4 45. Bxe4 Kf6 46. Rb7 Bf5 47. Bxf5 Kxf5 48. Re7 Rf8 49. Re6 Bg7 50. h4 Kg4 51. Kg2 Kxh4 52. Rxd6 Kg5 53. Re6 Kf5 54. Kf3 Bd4 55. Re8 Bg7 56. d6 1-0

[Event "GER-ch Blitz 2019"]
[Site "Magdeburg"]
[Date "2019.05.25"]
[Round "23.12"]
[White "Svane, Frederik"]
[Black "Baskin, Robert"]
[Result "0-1"]
[ECO "B51"]
[WhiteElo "2342"]
[BlackElo "2398"]
[Annotator "NA"]
[PlyCount "100"]
[EventDate "2019.05.25"]
[EventType "tourn"]
[EventCountry "GER"]
[Tiebreak "Number of wins+Number of black wins"]
[SourceTitle "playchess.com"]
[Source "ChessBase"]
[SourceQuality "1"]
[TimeControl "180+2"]

1. e4 c5 2. Nf3 d6 3. Bb5+ Nc6 4. O-O Bd7 5. c3 Nf6 6. Re1 a6 7. Bf1 Bg4 8. h3 Bxf3 9. Qxf3 e6 10. Qg3 Be7 11. Qxg7 Rg8 12. Qh6 Ne5 13. Qe3 Nh5 14. d4 Bg5 15. Qe2 Bxc1 16. Qxh5 Rg5 17. Qe2 Bxb2 18. Qxb2 Nf3+ 19. Kh1 Nxe1 20. Na3 cxd4 21. cxd4 Qa5 22. Nc4 Qc7 23. Rxe1 b5 24. Nd2 Rc8 25. Nb3 Qc2 26. Re2 Qd1 27. Kg1 b4 28. Qd2 Qxd2 29. Rxd2 Rc6 30. Na5 Rb6 31. Nc4 Rc6 32. d5 exd5 33. exd5 Rc5 34. Nxd6+ Ke7 35. Ne4 Rcxd5 36. Rxd5 Rxd5 37. Bxa6 Rd4 38. Nc5 Rd1+ 39. Bf1 Ra1 40. Nd3 Rb1 41. f3 Kd6 42. Kf2 Kd5 43. Be2 Kd4 44. Nxb4 Rxb4 45. Kg3 Ra4 46. Bd1 Ra7 47. Kf4 f6 48. g4 Ra5 49. h4 h6 50. h5 Kd5 0-1

[Event "GER-ch Blitz 2019"]
[Site "Magdeburg"]
[Date "2019.05.25"]
[Round "23.13"]
[White "Buhmann, Rainer"]
[Black "Heidrich, Manfred"]
[Result "1-0"]
[ECO "B29"]
[WhiteElo "2573"]
[BlackElo "2351"]
[Annotator "ChessBase"]
[PlyCount "47"]
[EventDate "2019.05.25"]
[EventType "tourn"]
[EventCountry "GER"]
[Tiebreak "Number of wins+Number of black wins"]
[SourceTitle "playchess.com"]
[Source "ChessBase"]
[SourceQuality "1"]
[TimeControl "180+2"]

1. e4 c5 2. Nf3 Nf6 3. e5 Nd5 4. Nc3 e6 5. Nxd5 exd5 6. d4 Nc6 7. dxc5 Bxc5 8. Bd3 O-O 9. O-O d6 10. exd6 Qxd6 11. h3 Bd7 12. c3 Rae8 13. b4 Bb6 14. a4 a6 15. Ba3 Bxh3 16. gxh3 Qg3+ 17. Kh1 Bxf2 18. Ra2 Re1 19. Rxe1 Bxe1 20. Nxe1 Ne5 21. Bf1 Re8 22. Re2 Re6 23. Bg2 Qxc3 24. Bb2 1-0

[Event "GER-ch Blitz 2019"]
[Site "Magdeburg"]
[Date "2019.05.25"]
[Round "23.14"]
[White "Kirchner, Thomas"]
[Black "Braeuer, Franz"]
[Result "0-1"]
[ECO "B50"]
[WhiteElo "2311"]
[BlackElo "2445"]
[Annotator "NA"]
[PlyCount "126"]
[EventDate "2019.05.25"]
[EventType "tourn"]
[EventCountry "GER"]
[Tiebreak "Number of wins+Number of black wins"]
[SourceTitle "playchess.com"]
[Source "ChessBase"]
[SourceQuality "1"]
[TimeControl "180+2"]

1. e4 c5 2. Nf3 d6 3. Bc4 Nf6 4. d3 a6 5. Bb3 e6 6. O-O Be7 7. c3 Nbd7 8.
Re1 b5 9. Bf4 Bb7 10. Nbd2 O-O 11. h3 Qb6 12. Bc2 Rac8 13. Qe2 Rfe8 14. Rad1 Bf8 15. Bh2 g6 16. Bb1 e5 17. a3 Bg7 18. Ba2 h6 19. Nh4 d5 20. exd5 Bxd5 21. Bxd5 Nxd5 22. Qf3 Qc6 23. c4 N5b6 24. Qxc6 Rxc6 25. Nhf3 f6 26. b3 Nf8 27. Rc1 Ne6 28. Ne4 Rd8 29. Red1 Kf7 30. cxb5 axb5 31. b4 c4 32. dxc4 Nxc4 33. Rxd8 Nxd8 34. Bg3 Nxa3 35. Rxc6 Nxc6 36. Nfd2 Bf8 37. Nb3 Bxb4 38. f3 f5 39. Ned2 Bd6 40. Bf2 Ke6 41. Kf1 Nc4 42. Nb1 Kd7 43. Nc3 b4 44. Nd5 Ke6 45. Nb6 Nxb6 46. Bxb6 Kd5 47. Ke2 Kc4 48. Nd2+ Kb5 49. Bf2 Na5 50. Kd3 Bc5 51. Bg3 Bd4 52. Kc2 Ka4 53. Be1 b3+ 54. Kb1 Bc3 55. Kc1 Bxd2+ 56. Bxd2 Nc4 57. Bc3 Kb5 58. Kd1 Kc5 59. g3 Kd5 60. Kc1 e4 61. f4 e3 62. Kd1 Ke4 63. Ke2 b2 0-1

[Event "GER-ch Blitz 2019"]
[Site "Magdeburg"]
[Date "2019.05.25"]
[Round "23.15"]
[White "Ehmann, Thilo"]
[Black "Kopylov, Michael"]
[Result "0-1"]
[ECO "B01"]
[WhiteElo "2291"]
[BlackElo "2413"]
[Annotator "NA"]
[PlyCount "142"]
[EventDate "2019.05.25"]
[EventType "tourn"]
[EventCountry "GER"]
[Tiebreak "Number of wins+Number of black wins"]
[SourceTitle "playchess.com"]
[Source "ChessBase"]
[SourceQuality "1"]
[TimeControl "180+2"]

1. e4 d5 2. exd5 Qxd5 3. Nc3 Qd6 4. d4 Nf6 5. Bc4 a6 6. Nf3 b5 7. Bb3 Bb7 8. O-O e6 9. Re1 Be7 10. Bg5 Nbd7 11. Bh4 O-O 12. Bg3 Qb6 13. d5 Nc5 14. dxe6 Nxe6 15. Bxe6 fxe6 16. Qe2 Bb4 17. Qxe6+ Qxe6 18. Rxe6 Bxc3 19. bxc3 Nd5 20. h4 Nxc3 21. Nd4 Rad8 22. Nb3 Rf7 23. Nc5 Bc8 24. Re3 Nd5 25. Rd3 c6 26. a4 Re8 27. Rd2 b4 28. a5 Nc3 29. Kf1 Rf5 30. Re1 Rxe1+ 31. Kxe1 Rxc5 32. Rd8+ Kf7 33. Rxc8 Rd5 34. Rc7+ Kg8 35. f3 Rd1+ 36. Kf2 Rd2+ 37. Kg1 Ne2+ 38. Kh2 Nxg3 39. Rxc6 Nf5 40. Rxa6 Nxh4 41. Rb6 Rxc2 42. a6 Ra2 43. Rxb4 Nxf3+ 44. Kg3 Ne5 45. Rb6 h6 46. Kf4 Nd7 47. Rd6 Nc5 48. Kf5 Rxa6 49. Rd8+ Kh7 50. g4 Rf6+ 51. Ke5 Rf2 52. Rc8 Nd7+ 53. Ke6 Nf6 54. Rc4 Kg6 55. Ke5 Rf1 56. Rb4 Kg5 57. Rb7 Re1+ 58. Kd4 Kg6 59. Kd3 Nxg4 60. Kd2 Re8 61. Rb6+ Nf6 62. Rb4 h5 63. Rb5 Kh6 64. Rf5 Re6 65.
Kd3 g5 66. Rf1 h4 67. Rh1 Kh5 68. Kd4 g4 69. Rf1 h3 70. Rf5+ Kg6 71. Rg5+ Kxg5 0-1

[Event "GER-ch Blitz 2019"]
[Site "Magdeburg"]
[Date "2019.05.25"]
[Round "24.2"]
[White "Stern, Rene"]
[Black "Carow, Johannes"]
[Result "1-0"]
[ECO "A35"]
[WhiteElo "2538"]
[BlackElo "2445"]
[Annotator "ChessBase"]
[PlyCount "77"]
[EventDate "2019.05.25"]
[EventType "tourn"]
[EventCountry "GER"]
[Tiebreak "Number of wins+Number of black wins"]
[SourceTitle "playchess.com"]
[Source "ChessBase"]
[SourceQuality "1"]
[TimeControl "180+2"]

1. Nf3 c5 2. c4 Nc6 3. Nc3 Nd4 4. Ng1 Nc6 5. Nf3 Nd4 6.
Ng1 Nc6 7. e3 Nf6 8. Nf3 e6 9. d4 d5 10. cxd5 Nxd5 11. Bb5 Bd7 12. Nxd5 exd5 13. O-O cxd4 14. Nxd4 Bd6 15. b3 O-O 16. Bb2 Re8 17. Nf3 Bg4 18. Be2 Rc8 19. h3 Bh5 20. Rc1 Bb8 21. Nd4 Qd6 22. g3 Bg6 23. Qd2 Be4 24. Bf3 Nxd4 25. Qxd4 Qh6 26. Rxc8 Rxc8 27. Bxe4 dxe4 28. Rc1 Rxc1+ 29. Bxc1 Qb6 30. Qxe4 Qb5 31. Bb2 Qd7 32. Kg2 h6 33. Qd4 Qc6+ 34. e4 Qg6 35. Qd8+ Kh7 36. Qxb8 Qxe4+ 37. Kh2 Qe2 38. Bd4 Qxa2 39. Qxb7 1-0

[Event "GER-ch Blitz 2019"]
[Site "Magdeburg"]
[Date "2019.05.25"]
[Round "24.3"]
[White "Schneider, Ilja"]
[Black "Hirneise, Jens"]
[Result "1/2-1/2"]
[ECO "A45"]
[WhiteElo "2494"]
[BlackElo "2375"]
[Annotator "ChessBase"]
[PlyCount "135"]
[EventDate "2019.05.25"]
[EventType "tourn"]
[EventCountry "GER"]
[Tiebreak "Number of wins+Number of black wins"]
[SourceTitle "playchess.com"]
[Source "ChessBase"]
[SourceQuality "1"]
[TimeControl "180+2"]

1. d4 Nf6 2. Bg5 c5 3. Bxf6 gxf6 4. d5 Qb6 5. Qc1 f5 6. c3 Bg7 7. g3 d6 8. Bg2 Nd7 9. Nh3 h5 10. Nd2 Nf6 11. Qc2 Bd7 12. Nc4 Qa6 13. Ne3 e6 14. Nf4 O-O-O 15.
a3 Ng4 16. Qd2 e5 17. Nd3 Bh6 18. f4 Nxe3 19. Qxe3 Rhe8 20. Qd2 exf4 21. gxf4 Bb5 22. O-O-O Kb8 23. Bf3 h4 24. Rhg1 Bc4 25. Kb1 Qb5 26. Rdf1 Bxd3+ 27. exd3 c4 28. d4 Re7 29. Qc2 Rde8 30. Rd1 Bxf4 31. Rgf1 Be3 32. Qxf5 a5 33. Qc2 Bf4 34. Bh5 Bg5 35. Rxf7 Rxf7 36. Bxf7 Re3 37. Be6 Qe8 38. Qf2 Qg6+ 39. Qf5 Qxf5+ 40. Bxf5 Re2 41. h3 Bf4 42. a4 Bg3 43. Ka2 Kc7 44. Rf1 Re1 45. Rxe1 Bxe1 46. Bg4 Bd2 47. Be2 Bf4 48. Bxc4 Bg3 49. Be2 Bf4 50. Kb1 Bd2 51. Kc2 Be1 52. Kd3 Bf2 53. Kc4 Kb6 54. Bg4 Be1 55. Bc8 Bd2 56. Bxb7 Kxb7 57. Kb5 Bc1 58. b3 Bd2 59. c4 Kc7 60. c5 Bc3 61. Kc4 Bd2 62. Kd3 Bb4 63. Kc4 Bd2 64.
Kb5 Bb4 65. Kc4 Bd2 66. Kd3 Bb4 67. Kc4 Bd2 68. Kb5 1/2-1/2

[Event "GER-ch Blitz 2019"]
[Site "Magdeburg"]
[Date "2019.05.25"]
[Round "24.4"]
[White "Frischmann, Rick"]
[Black "Krause, Benedict"]
[Result "0-1"]
[ECO "B45"]
[WhiteElo "2320"]
[BlackElo "2434"]
[Annotator "NA"]
[PlyCount "96"]
[EventDate "2019.05.25"]
[EventType "tourn"]
[EventCountry "GER"]
[Tiebreak "Number of wins+Number of black wins"]
[SourceTitle "playchess.com"]
[Source "ChessBase"]
[SourceQuality "1"]
[TimeControl "180+2"]

1. e4 c5 2. Nf3 e6 3. d4 cxd4 4. Nxd4 Nc6 5. Nc3 Nf6 6. Be3 Bb4 7. Nxc6 bxc6 8. e5 Nd5 9. Bd2 O-O 10. Bd3 Qa5 11. O-O Nxc3 12. bxc3 Bxc3 13. Qh5 g6 14. Bxc3 Qxc3 15. Qg5 f6 16. exf6 Qxf6 17. Qxf6 Rxf6 18. Rab1 Kf8 19. f4 Ke7 20. g3 Kd6 21. Kf2 e5 22.
Ke3 exf4+ 23. gxf4 Kc7 24. f5 gxf5 25. Rxf5 Rh6 26. Rf7 Rxh2 27. Bxh7 Rb8 28. Rd1 Rb5 29. Bf5 Re5+ 30. Kf3 Ree2 31. Kg3 Rhg2+ 32. Kh3 Rgf2 33. Kg3 Kb6 34. Rb1+ Kc7 35. Rd1 Kb6 36. Rb1+ Kc5 37. Rb8 Ba6 38. Rbf8 d5 39. Rxa7 Bc4 40. a4 Rg2+ 41. Kf4 Ref2+ 42. Ke5 Ba2 43. a5 Bb1 44. Raa8 Bxc2 45. Bxc2 Rxf8 46. Rxf8 Re2+ 47. Kf4 Rf2+ 48. Ke3 Rxf8 {[%emt 0:00:01] Kd4+} 0-1

[Event "GER-ch Blitz 2019"]
[Site "Magdeburg"]
[Date "2019.05.25"]
[Round "24.5"]
[White "Hebbinghaus, Holger"]
[Black "Zuyev, Igor"]
[Result "1/2-1/2"]
[ECO "B20"]
[WhiteElo "2310"]
[BlackElo "2447"]
[Annotator "NA"]
[PlyCount "80"]
[EventDate "2019.05.25"]
[EventType "tourn"]
[EventCountry "GER"]
[Tiebreak "Number of wins+Number of black wins"]
[SourceTitle "playchess.com"]
[Source "ChessBase"]
[SourceQuality "1"]
[TimeControl "180+2"]

1. e4 c5 2. Be2 Nc6 3. f4 e5 4. d3 d5 5. exd5 Qxd5 6. Nf3 exf4 7. Bxf4 Nf6 8. O-O Be7 9. Nc3 Qd8 10. Kh1 O-O 11. Qd2 Re8 12. Rae1 a6 13. Ne5 Nd4 14. Bd1 Bd6 15. Nc4 Rxe1 16. Rxe1 Bxf4 17. Qxf4 Be6 18. Nd2 Nd5 19. Nxd5 Bxd5 20. a3 Ne6 21. Qg3 Qf6 22. c3 Rd8 23. Bb3 Bxb3 24. Nxb3 Qf5 25. Nc1 b5 26. Kg1 Qd5 27. Qe5 Qc6 28. Rd1 a5 29. Re1 h6 30. Qe4 Qc7 31. Qe5 Qe7 32. Qe4 Qc7 33.
Qe5 Rd6 34. Qe4 a4 35. Ne2 Qd8 36. Nc1 Qd7 37. Qe3 Kh7 38. Qe4+ g6 39. Qe5 Rd5 40. Qe4 Qd6 1/2-1/2

[Event "GER-ch Blitz 2019"]
[Site "Magdeburg"]
[Date "2019.05.25"]
[Round "24.6"]
[White "Stein, Robert"]
[Black "Barzen, Pascal"]
[Result "1-0"]
[ECO "A40"]
[WhiteElo "2318"]
[BlackElo "2292"]
[Annotator "NA"]
[PlyCount "89"]
[EventDate "2019.05.25"]
[EventType "tourn"]
[EventCountry "GER"]
[Tiebreak "Number of wins+Number of black wins"]
[SourceTitle "playchess.com"]
[Source "ChessBase"]
[SourceQuality "1"]
[TimeControl "180+2"]

1. d4 Nf6 2. c4 e6 3. g3 Bb4+ 4. Bd2 Be7 5. Bg2 d5 6.
Nf3 O-O 7. Qc2 c6 8. O-O b6 9. Bf4 Bb7 10. Nbd2 Nbd7 11. e4 Rc8 12. e5 Ne8 13. cxd5 cxd5 14. Qd3 Nc7 15. Rfc1 Ba6 16. Qe3 b5 17. h4 b4 18. Nf1 Nb6 19. b3 Nb5 20. Rxc8 Qxc8 21. Bg5 Qd7 22. N1h2 Nc3 23. Ng4 Ne4 24. Bxe7 Qxe7 25. Ng5 Nxg5 26. hxg5 Rc8 27. Bf3 Nd7 28. Kg2 Rc3 29. Qf4 Bd3 30. Rh1 Bf5 31. Ne3 Bg6 32. Bh5 Be4+ 33. Bf3 Bg6 34. Bh5 Nf8 35. Qh4 Bxh5 36. Qxh5 Qc7 37. Ng4 Ng6 38. Qxh7+ Kf8 39. Nf6 gxf6 40. gxf6 Ke8 41. Qg8+ Kd7 42. Qxf7+ Kc6 43. Qxg6 Kb6 44. f7 Qe7 45. Rh8 1-0

[Event "GER-ch Blitz 2019"]
[Site "Magdeburg"]
[Date "2019.05.25"]
[Round "24.7"]
[White "Heistermann, Till"]
[Black "Schmaltz, Roland"]
[Result "0-1"]
[ECO "A15"]
[WhiteElo "2181"]
[BlackElo "2461"]
[Annotator "ChessBase"]
[PlyCount "65"]
[EventDate "2019.05.25"]
[EventType "tourn"]
[EventCountry "GER"]
[Tiebreak "Number of wins+Number of black wins"]
[SourceTitle "playchess.com"]
[Source "ChessBase"]
[SourceQuality "1"]
[TimeControl "180+2"]

1. c4 Nf6 2. g3 g6 3. Bg2 Bg7 4. Nc3 O-O 5. e4 c5 6. Nge2 Nc6 7. d3 Ne8 8. Be3 Nd4 9. O-O Nc7 10. a3 d6 11. Rb1 b6 12. b4 Bb7 13.
Qd2 e6 14. Bh6 Rb8 15. Nxd4 cxd4 16. Ne2 e5 17. Bxg7 Kxg7 18. f4 f5 19. exf5 gxf5 20. Bxb7 Rxb7 21. Rf2 Ne6 22. Rbf1 Rbf7 23. a4 Qd7 24. a5 bxa5 25. bxa5 Kh8 26. fxe5 dxe5 27. Qh6 Rf6 28. Qh3 Nc5 29. Nc1 e4 30. dxe4 Nxe4 31. Rf4 Qe6 32. Nd3 Ng5 33. Qh5 0-1

[Event "GER-ch Blitz 2019"]
[Site "Magdeburg"]
[Date "2019.05.25"]
[Round "24.8"]
[White "Kopylov, Daniel"]
[Black "Braeuning, Rudolf Wilhelm"]
[Result "1-0"]
[ECO "B34"]
[WhiteElo "2263"]
[BlackElo "2285"]
[Annotator "NA"]
[PlyCount "85"]
[EventDate "2019.05.25"]
[EventType "tourn"]
[EventCountry "GER"]
[Tiebreak "Number of wins+Number of black wins"]
[SourceTitle "playchess.com"]
[Source "ChessBase"]
[SourceQuality "1"]
[TimeControl "180+2"]

1. e4 c5 2. Nf3 g6 3. d4 cxd4 4. Nxd4 Nc6 5. Nc3 Bg7 6. Be3 Nf6 7. Nxc6 bxc6 8. e5 Ng8 9. Bd4 Nh6 10. e6 O-O 11. Bxg7 Kxg7 12. exd7 Qxd7 13. Qxd7 Bxd7 14. O-O-O Rfd8 15. Ne4 Bf5 16. Bd3 Ng4 17. f3 Bxe4 18. Bxe4 Ne3 19. Rxd8 Rxd8 20. Bxc6 Nxg2 21. Rd1 Rxd1+ 22. Kxd1 Kf6 23. Kd2 Ke5 24. b4 Kd6 25. Be8 f5 26. c4 e5 27. c5+ Kd5 28. Bf7+ Kc6 29. a4 a5 30. Be8+ Kb7 31. bxa5 Nh4 32. Ke3 Ng2+ 33. Kd3 Nf4+ 34. Kc4 e4 35. fxe4 fxe4 36. Kd4 Ne6+ 37. Kxe4 Nxc5+ 38. Ke5 Nb3 39. Kf6 Nxa5 40. Kg7 Nc4 41. Kxh7 Ne5 42. Bxg6 Nf3 43. Be4+ 1-0

[Event "GER-ch Blitz 2019"]
[Site "Magdeburg"]
[Date "2019.05.25"]
[Round "24.9"]
[White "Voege, Tobias"]
[Black "Zelbel, Patrick"]
[Result "1-0"]
[ECO "A67"]
[WhiteElo "2294"]
[BlackElo "2439"]
[Annotator "NA"]
[PlyCount "71"]
[EventDate "2019.05.25"]
[EventType "tourn"]
[EventCountry "GER"]
[Tiebreak "Number of wins+Number of black wins"]
[SourceTitle "playchess.com"]
[Source "ChessBase"]
[SourceQuality "1"]
[TimeControl "180+2"]

1. d4 Nf6 2. c4 e6 3. Nc3 c5 4. d5 exd5 5. cxd5 d6 6. e4 g6 7. f4 Bg7 8. Bb5+ Nfd7 9. a4 Qh4+ 10. g3 Qd8 11. Nf3 O-O 12. O-O Na6 13.
Re1 Nb4 14. e5 dxe5 15. fxe5 Nb6 16. d6 a6 17. Be2 Bf5 18.
Bg5 f6 19. Bf4 fxe5 20. Nxe5 Nc2 21. a5 Nd7 22. Bc4+ Kh8 23.
Nf7+ Rxf7 24. Bxf7 Nxe1 25. Qxe1 Qf6 26. Qe7 Qd4+ 27. Be3 Qxe3+ 28. Qxe3 Bd4 29. Qxd4+ cxd4 30. Ne2 Kg7 31. Bd5 d3 32. Nf4 Nc5 33. b4 Ne4 34. Bxb7 Rd8 35. Bxe4 Bxe4 36. Ne6+ 1-0

[Event "GER-ch Blitz 2019"]
[Site "Magdeburg"]
[Date "2019.05.25"]
[Round "24.10"]
[White "Schulze, Marc"]
[Black "Feuerstack, Aljoscha"]
[Result "1-0"]
[ECO "D02"]
[WhiteElo "2220"]
[BlackElo "2441"]
[Annotator "NA"]
[PlyCount "115"]
[EventDate "2019.05.25"]
[EventType "tourn"]
[EventCountry "GER"]
[Tiebreak "Number of wins+Number of black wins"]
[SourceTitle "playchess.com"]
[Source "ChessBase"]
[SourceQuality "1"]
[TimeControl "180+2"]

1. d4 Nf6 2. Bf4 d5 3. Nf3 c5 4. e3 Nc6 5. c3 Qb6 6. Qb3 c4 7. Qc2 Bf5 8. Qc1 Nh5 9. Bg3 f6 10. Nbd2 e5 11. dxe5 Nxg3 12. hxg3 Nxe5 13. Nxe5 fxe5 14. e4 Bg6 15. exd5 Bc5 16. Nxc4 Bxf2+ 17. Kd1 Qc5 18. Qd2 O-O 19. b4 Qe7 20. Bd3 e4 21. Bc2 Rad8 22. Ne3 Qg5 23. Re1 Bxe3 24. Qxe3 Qxe3 25. Rxe3 Rf1+ 26. Re1 Bh5+ 27. Kd2 Rf2+ 28. Kc1 Bg6 29. c4 Kf8 30. Kb2 e3 31. Rf1 Ke7 32. Rxf2 exf2 33. Bxg6 hxg6 34. Rf1 Rf8 35. Kc3 b6 36. Kd4 Kd7 37. Ke3 Rc8 38. Kd4 Rf8 39. c5 bxc5+ 40. bxc5 Kc7 41. Ke3 Rf5 42. Rxf2 Rxd5 43. Rf7+ Kc6 44. Rxa7 Rxc5 45. Rxg7 Rg5 46. Kf4 Rf5+ 47. Kg4 Rf2 48. Rxg6+ Kc5 49. Kh3 Rxa2 50. Rf6 Kd5 51. g4 Ke5 52. Rf3 Rb2 53. g5 Rb4 54. g3 Rc4 55. g4 Ke6 56. g6 Rc8 57. Kh4 Ke7 58. Kg5 1-0